 Dungeon Crawl Stone Soup version 0.28-a0-803-g74956062c1 (webtiles) character file.

Game seed: 2507803764228812688

1810 BlueGoblin the Jinx (level 8, -5/46 HPs)
             Began as a Vampire Enchanter on Nov 7, 2021.
             Slain by a killer bee (8 damage)
             ... on level 7 of the Dungeon.
             The game lasted 00:25:29 (6440 turns).

BlueGoblin the Jinx (Vampire Enchanter)             Turns: 6440, Time: 00:25:30

Health: -5/46      AC:  6    Str:  7    XL:     8   Next: 84%
Magic:  0/11       EV: 16    Int: 15    God:
Gold:   84         SH:  0    Dex: 17    Spells: 0/11 levels left

rFire   . . .      SeeInvis +   f - +3 dagger (venom)
rCold   + . .      Faith    .   (no shield)
rNeg    . . .      Spirit   +   w - +0 troll leather armour
rPois   .          Reflect  .   a - +0 hat
rElec   .          Harm     .   (no cloak)
rCorr   +          Rampage  .   (no gloves)
Will    .....                   (no boots)
Stlth   +++.......              s - amulet of guardian spirit
HPRegen 1.35/turn               q - ring of resist corrosion
MPRegen 0.12/turn               (no ring)

@: lethally poisoned (-5 -> -5), on berserk cooldown, healing quickly, slowed,
very slow
A: alive, fangs 3, see invisible, vampiric 2, iridescent scales 1, cold
resistance 1, dopey 1, frail 1, MP-powered wands
a: Exsanguinate


You were on level 7 of the Dungeon.
You visited 1 branch of the dungeon, and saw 7 of its levels.

You collected 249 gold pieces.
You spent 165 gold pieces at shops.

Inventory:

Hand Weapons
 f - a +3 dagger of venom (weapon)
 i - a +1 vampiric dagger
Armour
 a - a +0 hat (worn)
 b - a +1 robe
 r - the +1 leather armour "Dirch" {rF+}
   (You found it on level 5 of the Dungeon)

   rF:        It protects you from fire.
 u - +0 steam dragon scales
 w - a +0 troll leather armour (worn)
Jewellery
 q - a ring of resist corrosion (left hand)
 s - an amulet of guardian spirit (around neck)
Wands
 m - a wand of iceblast (5)
 t - a wand of mindburst (6)
Scrolls
 h - a scroll of magic mapping
 k - a scroll of amnesia
 l - a scroll of fog
 n - a scroll of holy word
 o - 6 scrolls of identify
 x - a scroll of blinking {unknown}
Potions
 c - a potion of invisibility
 e - 2 potions of attraction
 g - 2 potions of berserk rage
 j - 2 potions of brilliance
 p - a potion of cancellation {unknown}
 z - a potion of heal wounds {unknown}


   Skills:
 - Level 1.1 Short Blades
 * Level 9.9 Dodging
 - Level 5.8 Stealth
 - Level 2.0 Spellcasting
 + Level 10.7 Hexes


You couldn't memorise any spells.
You knew the following spells:

 Your Spells              Type           Power      Damage    Failure   Level
a - Confusing Touch       Hex            33%        N/A       1%          3
b - Ensorcelled Hibernat  Hex/Ice        34%        N/A       5%          2
s - Dazzling Flash        Conj/Hex       34%        N/A       11%         3
x - Tukima's Dance        Hex            33%        N/A       1%          3

Your spell library contained the following spells:

 Spells                   Type           Power      Damage    Failure   Level
 Magic Dart               Conj           4%         1d3       32%         1
 Shock                    Conj/Air       4%         1d3       32%         1
 Call Imp                 Summ           1%         N/A       45%         2
 Mephitic Cloud           Conj/Pois/Air  1%         N/A       69%         3
 Swiftness                Air            1%         N/A       69%         3
 Airstrike                Air            0%         N/A       97%         4


Dungeon Overview and Level Annotations

Branches:
Dungeon (7/15)
 Temple: D:4-7

Altars:
Zin

Shops:
D:5 *   D:6 [

Portals:
Bailey: D:7

Annotations:
D:4 Robin
D:7 Dowan


Innate Abilities, Weirdness & Mutations

Your natural rate of healing is accelerated.
You have razor-sharp teeth.
You have supernaturally acute eyesight. (SInv)
You are afflicted with vampirism and can become a bat while bloodless.
You are partially covered in iridescent scales. (AC +2)
Your flesh is cold resistant. (rC+)
You are dopey. (Int -2)
You are frail. (-10% HP)
You expend magic power (3 MP) to strengthen your wands.


Message History

You hit Dowan but do no damage.
Dowan looks as sick as possible!
You bite Dowan.
Dowan is moderately wounded.
The killer bee completely misses you. The killer bee misses you.
The killer bee stings you. The killer bee barely misses you.
The killer bee closely misses you. x4; The killer bee completely misses you.
Dowan completely misses you. The killer bee completely misses you.
Dowan hits you with a +4 dagger of holy wrath.
You convulse.
The killer bee barely misses you. The killer bee stings you.
You hit Dowan.
Dowan is heavily wounded.
The killer bee stings you.
You are poisoned.
The killer bee poisons you! The killer bee misses you.
The killer bee completely misses you. The killer bee stings you.
The killer bee closely misses you. The killer bee stings you.
The killer bee closely misses you.
The killer bee stings you but does no damage.
The killer bee misses you.
You feel very sick. The killer bee stings you!
* * * LOW HITPOINT WARNING * * *
The killer bee stings you.
* * * LOW HITPOINT WARNING * * *
The killer bee barely misses you. x2; The killer bee completely misses you.
The killer bee closely misses you.
Okay, then.
As you read the scroll labelled TAROCU WARHE, it crumbles to dust.
It is a scroll of enchant weapon.
Your +2 dagger of venom glows red for a moment.
You feel sick. The killer bee misses you. The killer bee barely misses you.
The killer bee misses you.
Dowan looks very confused.
Dowan hits you with a +4 dagger of holy wrath.
* * * LOW HITPOINT WARNING * * *
You convulse.
* * * LOW HITPOINT WARNING * * *
The killer bee closely misses you. The killer bee barely misses you.
The killer bee misses you. The killer bee stings you!
You die...

##### #........# ##.#.........
#...###....#.### #.#.8.....8.
##...........# #.#.........
.#.##.#....########.#.........
...##.#.##..........#8...∩...8
#...#.#.######................
...........)..................
.......######.........8.....8.
#..........##...@y............
#....#####.##.e.yy.......8....
#....#####....................
..............................
#....#.....................<..
#....#####..#......#.........
#....# ####......##...)...
#....# #......# ..|... ######
#......# ......


You could see Dowan (fast, confused, very poisoned) and 3 killer bees.

Vanquished Creatures
  A steam dragon (D:6)
  Menkaure (D:7)
  Duvessa (D:7)
  A water moccasin (D:7)
  An orc warrior (D:3)
  2 ice beasts
  A necrophage (D:3)
  2 ogres
  A centaur (D:6)
  A phantom (D:5)
  A scorpion (D:5)
  A water moccasin skeleton (D:6)
  A killer bee (D:7)
  A centaur zombie (D:7)
  3 hounds
  A centaur skeleton (D:6)
  3 orc wizards (D:4)
  2 iguanas
  A howler monkey zombie (D:5)
  4 gnolls
  8 adders
  A howler monkey skeleton (D:7)
  2 ufetubi
  2 worms
  2 dart slugs
  15 orcs
  7 endoplasms
  4 giant cockroaches
  7 goblins
  11 hobgoblins
  3 quokkas
  9 ball pythons
  4 bats
  4 frilled lizards
  3 kobolds
  6 rats
118 creatures vanquished.

Vanquished Creatures (others)
  8 plants (D:1)
8 creatures vanquished.

Grand Total: 126 creatures vanquished

Notes
Turn   | Place    | Note
-------+----------+-------------------------------------------
     0 | D:1      | BlueGoblin the Vampire Enchanter began the quest for the
                  | Orb.
     0 | D:1      | Reached XP level 1. HP: 13/13 MP: 3/3
   124 | D:1      | Reached skill level 5 in Stealth
   199 | D:1      | Reached XP level 2. HP: 13/19 MP: 5/5
   202 | D:1      | Learned a level 2 spell: Ensorcelled Hibernation
   463 | D:1      | Gained mutation: You are afflicted with vampirism and can
                  | become a bat while bloodless. [Vampire growth]
   463 | D:1      | Reached XP level 3. HP: 24/24 MP: 3/6
  1208 | D:2      | Reached XP level 4. HP: 11/30 MP: 7/7
  1334 | D:2      | Reached skill level 5 in Hexes
  1925 | D:3      | Reached XP level 5. HP: 11/35 MP: 8/8
  2040 | D:2      | Learned a level 3 spell: Confusing Touch
  2044 | D:2      | Learned a level 3 spell: Tukima's Dance
  2116 | D:3      | Found a faded altar of an unknown god.
  2490 | D:3      | Gained mutation: You are partially covered in iridescent
                  | scales. (AC +2) [potion of mutation]
  2490 | D:3      | Gained mutation: You have hidden genetic defects. [potion
                  | of mutation]
  2490 | D:3      | Gained mutation: Your flesh is cold resistant. (rC+)
                  | [potion of mutation]
  2490 | D:3      | Gained mutation: You expend magic power (3 MP) to
                  | strengthen your wands. [potion of mutation]
  2558 | D:4      | Noticed an ogre
  2559 | D:4      | Noticed a necrophage
  2569 | D:4      | Killed an ogre
  2570 | D:4      | Reached skill level 5 in Dodging
  2584 | D:4      | Gained mutation: You are dopey. (Int -2) [hidden defects]
  2597 | D:4      | HP: 1/31 [necrophage (2)]
  2715 | D:3      | Killed a necrophage
  2716 | D:3      | Reached skill level 6 in Hexes
  2716 | D:3      | Reached XP level 6. HP: 20/41 MP: 6/9
  2719 | D:3      | Gained mutation: You are frail. (-10% HP) [hidden defects]
  2719 | D:3      | Lost mutation: You have hidden genetic defects. [hidden
                  | defects expressed]
  2788 | D:4      | Noticed an orc warrior
  3110 | D:3      | Killed an orc warrior
  3418 | D:4      | Reached XP level 7. HP: 41/41 MP: 10/10
  3616 | D:4      | Reached skill level 7 in Hexes
  3676 | D:4      | Noticed Robin
  4270 | D:5      | Entered Level 5 of the Dungeon
  4271 | D:5      | Identified the +1 leather armour "Dirch" {rF+}
  4386 | D:5      | Found Zin's Purification Station.
  4723 | D:5      | Reached skill level 8 in Hexes
  5326 | D:6      | Reached XP level 8. HP: 36/46 MP: 5/11
  5492 | D:6      | Reached skill level 9 in Hexes
  5728 | D:6      | Found Reawn's Armour Shoppe.
  5776 | D:6      | Bought a +0 troll leather armour for 165 gold pieces
  5947 | D:7      | Reached skill level 10 in Hexes
  6048 | D:7      | Learned a level 3 spell: Dazzling Flash
  6080 | D:7      | Found a flagged portal.
  6167 | D:7      | Noticed Menkaure
  6185 | D:7      | Killed Menkaure
  6308 | D:7      | Noticed Duvessa
  6310 | D:7      | Noticed Dowan
  6355 | D:7      | Killed Duvessa
  6420 | D:7      | HP: 1/46 [Dowan/stone arrow (15)]
  6440 | D:7      | Slain by a killer bee

Illustrated notes

Levels and vault maps discovered:
D:1:      dpeg_arrival_long_road, layout_loops_ring, serial_bayou_lagoon_b
D:2:      layout_rooms, minmay_between
D:3:      cheibrodos_helix_gallery, layout_loops_ring,
          hellmonk_ecumenical_altar_lost_god
D:4:      layout_basic, chequers_serial_rivers_room_b, uniq_robin
D:5:      layout_gridville, zin_purify, minmay_liquid_box
D:6:      layout_rooms, serial_shops, shop
D:7:      layout_rooms, temple_hall, enter_bailey_6, uniq_duvessa, uniq_menkaure

Skill      XL: |  1  2  3  4  5  6  7  8 |
---------------+-------------------------+-----
Stealth        | 5 |  5.8
Dodging        | 3 4 5 6 8 9 |  9.9
Hexes          | 5 6 8 10 | 10.7
Short Blades   | |  1.1
Spellcasting   | |  2.0

Action                   |  1- 3 |  4- 6 |  7- 9 || total
-------------------------+-------+-------+-------++-------
Melee: Dagger            |   101 |   148 |   242 ||   491
       Bite              |     7 |    19 |    31 ||    57
 Cast: Ensorcelled Hiber |     4 |    11 |     3 ||    18
       Confusing Touch   |       |    15 |    39 ||    54
       Dazzling Flash    |       |       |     2 ||     2
  Use: Scroll            |     3 |     7 |     4 ||    14
       Potion            |       |     1 |     4 ||     5
 Stab: Sleeping          |    15 |    12 |     4 ||    31
       Distracted        |       |     1 |       ||     1
       Confused          |       |     6 |    23 ||    29
Armor: Robe              |    16 |    25 |     9 ||    50
       Leather armour    |       |       |    17 ||    17
       Troll leather arm |       |       |    17 ||    17
       Steam dragon scal |       |       |     6 ||     6
Dodge: Dodged            |    66 |    82 |   224 ||   372

Table legend: (Time is in decaauts)
 A = Elapsed time spent in this place.
 B = Non-inter-level travel time spent in this place.
 C = Inter-level travel time spent in this place.
 D = Time resting spent in this place.
 E = Time spent auto-exploring this place.
 F = Levels seen in this place.
 G = Mean time per level.
                   A        B        C        D        E       F      G
               +--------+--------+--------+--------+--------+-----+--------+
         Total |   6448 |   6206 |    242 |    785 |   3601 |   7 |  921.1 |
       Dungeon |   6448 |   6206 |    242 |    785 |   3601 |   7 |  921.1 |
               +--------+--------+--------+--------+--------+-----+--------+

Top non-repeatable levels by time:
     D:4: 1319 daAuts
     D:3: 1171 daAuts
     D:5: 1008 daAuts
     D:1: 943 daAuts
     D:2: 855 daAuts
     D:6: 648 daAuts
     D:7: 501 daAuts
